 Dungeon Crawl Stone Soup version 0.17-b1-36-g7b1967c (webtiles) character file.

153 ketsa the Chopper (level 5, -2/61 HPs)
             Began as a Demonspawn Berserker on Nov 6, 2015.
             Was a Believer of Trog.
             Slain by a gnoll
             ... wielding a cursed -1 halberd
              (3 damage)
             ... on level 3 of the Dungeon.
             The game lasted 00:05:49 (2773 turns).

ketsa the Chopper (Demonspawn Berserker)            Turns: 2773, Time: 00:05:49

Health: -2/61      AC:  6    Str: 23      XL:     5   Next: 12%
Magic:  5/5        EV: 11    Int:  8      God:    Trog [**....]
Gold:   136        SH:  0    Dex: 12 (13) Spells: 0 memorised, 4 levels left

rFire  . . .     SeeInvis .     a - +0 hand axe
rCold  + + .     Clarity  +     i - +0 ring mail {rC+}
rNeg   + . .     SustAt   .     (no shield)
rPois  .         Gourm    .     (no helmet)
rElec  .         Spirit   .     (no cloak)
rCorr  .         Warding  .     (no gloves)
rMut   .         Stasis   .     l - +0 pair of boots
MR     .....                    (no amulet)
Stlth  ..........               (no ring)
                                o - ring of positive energy

@: berserking, very quick, not resistant to hostile enchantments, extremely
unstealthy
A: breathe flames 1, clarity, cold resistance 1, rot immunity, subdued magic 1
a: Berserk, Trog's Hand, Burn Spellbooks, Renounce Religion, Breathe Fire


You were on level 3 of the Dungeon.
You worshipped Trog.
Trog was pleased with you.
You were not hungry.

You visited 1 branch of the dungeon, and saw 3 of its levels.

You collected 136 gold pieces.

Inventory:

Hand Weapons
 a - a +0 hand axe (weapon)
Missiles
 e - 42 stones (quivered)
 g - 21 poisoned needles
 r - 2 tomahawks of returning
Armour
 b - a +0 animal skin
 h - a +0 pair of gloves
 i - a +0 ring mail of cold resistance (worn)
 l - a +0 pair of boots (worn)
Jewellery
 o - a ring of positive energy (left hand)
Scrolls
 d - 3 scrolls of teleportation {unknown}
 k - a scroll of amnesia {unknown}
 m - a scroll of identify {unknown}
 q - a scroll of recharging {unknown}
 w - a scroll of immolation {unknown}
Potions
 f - a potion of heal wounds {unknown}
 p - a potion of poison {unknown}
 s - a potion of beneficial mutation {unknown}
 t - a potion of resistance
 v - a potion of brilliance {unknown}
 x - a potion of curing {unknown}
Comestibles
 c - 3 bread rations
 j - a beef jerky
 n - 4 fruits
 u - 3 chunks of flesh


   Skills:
 - Level 3.4 Fighting
 * Level 4.6 Axes
 + Level 2.5 Armour
 - Level 2.0 Dodging


You had 4 spell levels left.
You didn't know any spells.

Dungeon Overview and Level Annotations

Branches:
Dungeon (3/15)

Altars:
Gozag


Innate Abilities, Weirdness & Mutations

Your flesh is cold resistant.
You are immune to rotting.
You can breathe flames.
You possess an exceptional clarity of mind.
Your spells are a little easier to cast, but a little less powerful.


Message History

Trog accepts your kill.
You have reached level 5!
A red film seems to cover your vision as you go berserk!
You feel yourself moving faster!
You feel mighty!
You feel somewhat more hungry. The gnoll hits you but does no damage.
A gnoll comes into view. It is wielding an enchanted halberd.
You hit the gnoll.
The gnoll is severely wounded.
The gnoll barely misses you.
The gnoll hits you from afar with an enchanted halberd!
* * * LOW HITPOINT WARNING * * *
You hit the gnoll but do no damage.
The gnoll is severely wounded.
The gnoll hits you.
* * * LOW HITPOINT WARNING * * *
You slash the gnoll!
You kill the gnoll!
Trog accepts your kill.
The gnoll hits you from afar with an enchanted halberd.
You die...

#. ####### #. ...
#.....#### #########.
...g#........#
#.........
≈≈....>....#
#.........
g≈⌠........#
#.........
≈≈.......gg#
#.#.#####.
....######)# #.#.# #.
... #@# #.#.# #. .#
#.# #.#.#####.
#.#######........#
#####.........#.###..
..............##.#
###..#.#†#######.#
#..#.#.# #. ..#.#
##.###.#


You could see 2 gnolls.

Vanquished Creatures
  An orc priest (D:3)
  5 gnolls
  4 oozes
  2 worms
  3 orcs (D:3)
  3 bats
  4 giant cockroaches
  2 goblins (D:3)
  5 hobgoblins
  7 jackals (D:1)
  9 kobolds
  A quokka (D:2)
  2 ball pythons (D:2)
  3 rats
51 creatures vanquished.

Notes
Turn   | Place    | Note
--------------------------------------------------------------
     0 | D:1      | ketsa the Demonspawn Berserker began the quest for the Orb.
     0 | D:1      | Reached XP level 1. HP: 18/18 MP: 1/1
   232 | D:1      | Gained mutation: You are immune to rotting. [demonic ancestry]
   232 | D:1      | Reached XP level 2. HP: 24/24 MP: 2/2
   781 | D:2      | Found an opulent altar of Gozag.
  1096 | D:2      | Gained mutation: Your flesh is cold resistant. [demonic ancestry]
  1096 | D:2      | Reached XP level 3. HP: 14/29 MP: 3/3
  1134 | D:2      | Gained mutation: You possess an exceptional clarity of mind. [potion of mutation]
  1134 | D:2      | Gained mutation: Your spells are a little easier to cast, but a little less powerful. [potion of mutation]
  1134 | D:2      | Gained mutation: You can breathe flames. [potion of mutation]
  1648 | D:2      | Reached XP level 4. HP: 35/35 MP: 4/4
  2198 | D:3      | Reached skill level 4 in Axes
  2201 | D:3      | Reached ** piety under Trog
  2769 | D:3      | Reached XP level 5. HP: 10/41 MP: 5/5
  2772 | D:3      | HP: 1/61 [gnoll (5)]
  2773 | D:3      | Slain by a gnoll

Action                   |  1- 3 |  4- 6 || total
-------------------------+-------+-------++-------
Melee: Hand axe          |    90 |    88 ||   178
Invok: Berserk           |     3 |     2 ||     5
  Use: Potion            |     3 |       ||     3
  Eat: Chunk             |     5 |     2 ||     7
       Fruit             |     1 |     3 ||     4
